Kings vs Blues

Created - Saturday, November 07, 2015 at 01:22

Goals
1 2 3 OT1 SO T
Kings 0 1 0 0 1 2
Blues 0 0 1 0 0 1
Shots
1 2 3 OT1 SO T
Kings 10 10 11 1 4 32
Blues 6 4 11 4 4 25

1st period

No Goal

Penalties :
Adam McQuaid (LA ) for High sticking (Minor) at 3:21, Cam Atkinson (StL) for Boarding (Minor) at 12:40

2nd period

1. Kings , Seth Jones 2 (Brandon McMillan, Jordan Schroeder) at 6:45

Penalties :
Steve Ott (StL) for Holding (Minor) at 2:18, Nick Bjugstad (LA ) for Tripping (Minor) at 8:44, Kris Letang (StL) for Hooking (Minor) at 15:02

3rd period

2. Blues , Ryan Ellis 2 (Johan Franzen, Cam Atkinson) at 12:36

Penalties :
Kris Letang (StL) for Roughing (Minor) at 2:27, Rick Nash (StL) for Hooking (Minor) at 9:27, Tyler Seguin (LA ) for Hooking (Minor) at 9:54

Overtime #1

No Goal

Penalties :
No Penalty

Shootout

Penalty Shot by Tyler Seguin for Kings - Stopped by Henrik Lundqvist
Penalty Shot by Rick Nash for Blues - Shot Misses the Net
Penalty Shot by Nick Bjugstad for Kings - Stopped by Henrik Lundqvist
Penalty Shot by Jeremy Morin for Blues - Stopped by Sergei Bobrovsky
Penalty Shot by Mika Zibanejad for Kings - Stopped by Henrik Lundqvist
Penalty Shot by Cam Atkinson for Blues - Stopped by Sergei Bobrovsky
Penalty Shot by Milan Lucic for Kings - Goal!
Penalty Shot by Brandon Saad for Blues - Stopped by Sergei Bobrovsky

Penalties :
No Penalty

Goalie Stats

Sergei Bobrovsky (LA ), 24 saves from 25 shots - (0.960), W, 7-4-1, 65:00 minutes
Henrik Lundqvist (StL), 31 saves from 32 shots - (0.969), OTL, 6-0-3, 65:00 minutes

Players Stats for Kings

Player Name              G  A  P  +/- PIM S  H  SB GA TA FO     MP     PP MP  PK MP  
------------------------------------------------------------------------------------
Adam McQuaid             0  0  0   0  2   2  1  1  1  3  0/0    13:48   0:00   0:00 
Brandon McMillan         0  1  1   1  0   1  1  1  1  1  1/3    16:08   0:00   2:51 
Braydon Coburn           0  0  0  -1  0   1  8  2  0  2  0/0    28:33   5:16   1:45 
Carl Soderberg           0  0  0  -1  0   3  0  1  1  0  1/2    18:04   4:23   0:00 
David Clarkson           0  0  0   0  0   0  1  0  4  0  1/1    18:35   4:00   1:07 
Duncan Keith             0  0  0  -1  0   7  3  0  0  2  0/0    28:33   5:16   1:45 
Eric Brewer              0  0  0   1  0   3  1  2  0  0  0/0    22:52   3:07   2:40 
Evgeny Kuznetsov         0  0  0   0  0   0  0  0  0  0  2/5    15:44   0:00   0:32 
Jordan Schroeder         0  1  1   1  0   2  0  0  2  0  1/1    12:36   0:00   0:00 
Jori Lehtera             0  0  0   0  0   0  0  0  0  0  0/0     1:06   0:00   0:00 
Mika Zibanejad           0  0  0  -1  0   3  1  1  2  1  1/1    19:43   4:23   0:39 
Mikhail Grigorenko       0  0  0   1  0   1  1  0  1  0  0/0    12:36   0:00   0:00 
Milan Lucic              0  0  0   0  0   0  2  0  1  1  1/1    12:50   4:00   0:39 
Nick Bjugstad            0  0  0   0  2   2  2  1  4  0  11/21  25:34   4:00   1:43 
Seth Jones               1  0  1   1  0   5  0  1  0  1  0/0    22:52   3:07   2:40 
Stefan Elliott           0  0  0   0  0   1  0  0  0  1  0/0    13:34   0:00   0:00 
Tyler Seguin             0  0  0  -1  2   0  3  0  2  0  10/21  21:39   4:22   0:00 
Vincent Trocheck         0  0  0   0  0   1  0  0  2  0  0/0     9:08   0:00   1:19 

Players Stats for Blues

Player Name              G  A  P  +/- PIM S  H  SB GA TA FO     MP     PP MP  PK MP  
------------------------------------------------------------------------------------
Anders Lee               0  0  0   1  0   0  1  1  2  0  2/8    15:14   2:06   0:00 
Brandon Saad             0  0  0  -1  0   6  0  0  3  2  0/1    22:02   2:06   3:55 
Cam Atkinson             0  1  1   0  2   0  0  0  1  0  0/0    16:30   2:04   0:00 
Hampus Lindholm          0  0  0   0  0   2  1  5  1  0  0/0    25:56   2:04   3:58 
Jeremy Morin             0  0  0   0  0   0  1  0  0  1  0/0     8:19   0:00   0:00 
Johan Franzen            0  1  1   1  0   0  3  0  0  1  0/0    14:01   0:00   0:00 
Josh Gorges              0  0  0   1  0   3  2  0  0  0  0/0    24:10   0:00   4:09 
Kevan Miller             0  0  0   0  0   0  0  0  0  1  0/0     5:04   0:00   1:26 
Kris Letang              0  0  0   0  4   4  2  0  0  1  0/0    22:05   2:21   1:32 
Mark Fayne               0  0  0  -1  0   0  0  3  0  0  0/0    21:10   0:15   4:25 
Mark Stone               0  0  0   0  0   3  1  1  3  1  0/0    24:27   2:19   0:00 
Matt Donovan             0  0  0  -1  0   0  0  0  0  0  0/0    12:54   0:00   0:00 
Rick Nash                0  0  0   0  2   1  1  0  2  0  0/0    19:21   2:25   4:28 
Ryan Ellis               1  0  1   1  0   2  0  1  1  3  0/0    13:35   0:00   1:16 
Scott Laughton           0  0  0   0  0   1  3  0  0  1  10/21  21:34   2:00   3:55 
Sean Couturier           0  0  0  -1  0   2  2  1  0  0  12/19  21:58   2:25   4:28 
Steve Ott                0  0  0   0  2   0  0  0  1  0  3/6     8:19   0:00   0:00 
Tomas Tatar              0  0  0   0  0   1  2  0  1  0  0/1    13:16   2:00   0:00 

3 Stars

1 - Henrik Lundqvist (StL)
2 - Sergei Bobrovsky (LA )
3 - Seth Jones (LA )

Power Play

Kings - 0 on 5 Attempt(s) - 0.00%
Blues - 0 on 3 Attempt(s) - 0.00%

Penalty Kill

Kings - 3 on 3 Attempt(s) - 100.00% - Score 0 goal in Penalty Kill
Blues - 5 on 5 Attempt(s) - 100.00% - Score 0 goal in Penalty Kill

Team Stat

Kings - Hits : 24 - Faceoff Wins : 29 - Blocked Shots : 10 - Penalty Minutes : 6
Blues - Hits : 19 - Faceoff Wins : 27 - Blocked Shots : 12 - Penalty Minutes : 10

Official

Referees : Unknown
Linesman : Unknown

Game Notes

Jori Lehtera is injured at 5:43 of 1st period (Concussion)

Finance

Level 1 -- Attendance: 5976 (99.60%) -- Ticket Income $496,008
Level 2 -- Attendance: 4664 (93.28%) -- Ticket Income $223,872
Level 3 -- Attendance: 2000 (100.00%) -- Ticket Income $52,000
Level 4 -- Attendance: 4000 (100.00%) -- Ticket Income $56,000
Luxury Box -- Attendance: 867 (86.70%) -- Ticket Income $147,390
Game was played at the Savis Center.
Total Attendance: 17507 (97.26%)
Total Ticket Income: $975,270
Other Income: $477,882
Total Income: $1,453,152

Kings

5 vs 5 Forward 
   Center                   Left Wing                Right Wing               Time % Phy DF OF 
 1 Tyler Seguin             Mika Zibanejad           Carl Soderberg           35     1   2  2  
 2 Nick Bjugstad            Milan Lucic              Vincent Trocheck         30     1   2  2  
 3 Jori Lehtera             Evgeny Kuznetsov         David Clarkson           22     1   2  2  
 4 Brandon McMillan         Mikhail Grigorenko       Jordan Schroeder         13     1   2  2  

5 vs 5 Defense 
   Defense                  Defense                                           Time % Phy DF OF 
 1 Duncan Keith             Braydon Coburn                                    35     1   2  2  
 2 Seth Jones               Eric Brewer                                       30     1   2  2  
 3 Adam McQuaid             Stefan Elliott                                    22     1   2  2  
 4 Duncan Keith             Braydon Coburn                                    13     1   2  2  

PowerPlay Forward 
   Center                   Left Wing                Right Wing               Time % Phy DF OF 
 1 Tyler Seguin             Mika Zibanejad           Carl Soderberg           60     1   2  2  
 2 Nick Bjugstad            Milan Lucic              David Clarkson           40     1   2  2  

PowerPlay Defense
   Defense                  Defense                                           Time % Phy DF OF 
 1 Duncan Keith             Braydon Coburn                                    60     1   2  2  
 2 Seth Jones               Eric Brewer                                       40     1   2  2  

Penalty Kill 4 Players Forward 
   Center                   Wing                     Time % Phy DF OF 
 1 Nick Bjugstad            Brandon McMillan         60     1   2  2  
 2 Mika Zibanejad           Milan Lucic              40     1   2  2  

Penalty Kill 4 Players Defense
   Defense                  Defense                  Time % Phy DF OF 
 1 Duncan Keith             Braydon Coburn           60     1   2  2  
 2 Seth Jones               Eric Brewer              40     1   2  2  

Penalty Kill - 3 Players Forward 
   Forward                                           Time % Phy DF OF 
 1 Tyler Seguin                                      60     1   2  2  
 2 Nick Bjugstad                                     40     1   2  2  

Penalty Kill - 3 Players Defense
   Defense                  Defense                  Time % Phy DF OF 
 1 Duncan Keith             Braydon Coburn           60     1   2  2  
 2 Seth Jones               Eric Brewer              40     1   2  2  

4 vs 4 Forward 
   Center                   Wing                     Time % Phy DF OF 
 1 Tyler Seguin             Nick Bjugstad            60     1   2  2  
 2 Mika Zibanejad           Milan Lucic              40     1   2  2  

4 vs 4 Defense
   Defense                  Defense                  Time % Phy DF OF 
 1 Duncan Keith             Braydon Coburn           60     1   2  2  
 2 Seth Jones               Eric Brewer              40     1   2  2  

Last Minutes Offensive
   Center                   Left Wing                Right Wing               Defense                  Defense                  
   Tyler Seguin             Mika Zibanejad           Carl Soderberg           Duncan Keith             Braydon Coburn           

Last Minutes Defensive
   Center                   Left Wing                Right Wing               Defense                  Defense                  
   Tyler Seguin             Mika Zibanejad           Carl Soderberg           Duncan Keith             Braydon Coburn           

Goaltenders
Starting : Sergei Bobrovsky         
Backup : Reto Berra               

Extra Forwards
Normal : Jori Lehtera, Evgeny Kuznetsov, David Clarkson - PP : Jori Lehtera, Evgeny Kuznetsov - PK : David Clarkson
Extra Defensemen
Normal : Adam McQuaid, Stefan Elliott, Seth Jones - PP : Adam McQuaid - PK : Stefan Elliott, Seth Jones
Penalty Shots
Tyler Seguin, Nick Bjugstad, Mika Zibanejad, Milan Lucic, Carl Soderberg

Blues

5 vs 5 Forward 
   Center                   Left Wing                Right Wing               Time % Phy DF OF 
 1 Sean Couturier           Rick Nash                Brandon Saad             33     1   2  2  
 2 Scott Laughton           Tomas Tatar              Mark Stone               31     1   2  2  
 3 Anders Lee               Johan Franzen            Cam Atkinson             24     1   2  2  
 4 Steve Ott                Jeremy Morin             Mark Stone               12     1   2  2  

5 vs 5 Defense 
   Defense                  Defense                                           Time % Phy DF OF 
 1 Hampus Lindholm          Kris Letang                                       33     1   2  2  
 2 Josh Gorges              Ryan Ellis                                        31     1   2  2  
 3 Mark Fayne               Matt Donovan                                      24     1   2  2  
 4 Kevan Miller             Josh Gorges                                       12     1   2  2  

PowerPlay Forward 
   Center                   Left Wing                Right Wing               Time % Phy DF OF 
 1 Sean Couturier           Rick Nash                Brandon Saad             50     1   2  2  
 2 Scott Laughton           Tomas Tatar              Mark Stone               50     1   2  2  

PowerPlay Defense
   Defense                  Defense                                           Time % Phy DF OF 
 1 Anders Lee               Kris Letang                                       50     1   2  2  
 2 Cam Atkinson             Hampus Lindholm                                   50     1   2  2  

Penalty Kill 4 Players Forward 
   Center                   Wing                     Time % Phy DF OF 
 1 Sean Couturier           Rick Nash                50     2   2  1  
 2 Scott Laughton           Brandon Saad             50     2   2  1  

Penalty Kill 4 Players Defense
   Defense                  Defense                  Time % Phy DF OF 
 1 Mark Fayne               Kris Letang              50     2   2  1  
 2 Josh Gorges              Hampus Lindholm          50     2   2  1  

Penalty Kill - 3 Players Forward 
   Forward                                           Time % Phy DF OF 
 1 Mark Stone                                        50     2   2  1  
 2 Sean Couturier                                    50     2   2  1  

Penalty Kill - 3 Players Defense
   Defense                  Defense                  Time % Phy DF OF 
 1 Mark Fayne               Kris Letang              50     2   2  1  
 2 Josh Gorges              Hampus Lindholm          50     2   2  1  

4 vs 4 Forward 
   Center                   Wing                     Time % Phy DF OF 
 1 Sean Couturier           Mark Stone               50     1   2  2  
 2 Scott Laughton           Brandon Saad             50     1   2  2  

4 vs 4 Defense
   Defense                  Defense                  Time % Phy DF OF 
 1 Mark Fayne               Kris Letang              50     1   2  2  
 2 Josh Gorges              Hampus Lindholm          50     1   2  2  

Last Minutes Offensive
   Center                   Left Wing                Right Wing               Defense                  Defense                  
   Sean Couturier           Rick Nash                Brandon Saad             Hampus Lindholm          Kris Letang              

Last Minutes Defensive
   Center                   Left Wing                Right Wing               Defense                  Defense                  
   Sean Couturier           Rick Nash                Brandon Saad             Hampus Lindholm          Kris Letang              

Goaltenders
Starting : Henrik Lundqvist         
Backup : Frederik Andersen        

Extra Forwards
Normal : Anders Lee, Cam Atkinson, Johan Franzen - PP : Anders Lee, Cam Atkinson - PK : Johan Franzen
Extra Defensemen
Normal : Mark Fayne, Ryan Ellis, Kevan Miller - PP : Mark Fayne - PK : Ryan Ellis, Kevan Miller
Penalty Shots
Rick Nash, Jeremy Morin, Cam Atkinson, Brandon Saad, Tomas Tatar

% Time on Ice - Kings

Lines # - Real PCT - Wanted PCT - Time Play
Normal Forward
1 - 33% - 35% - 15:05
2 - 16% - 30% - 7:11
3 - 24% - 22% - 10:48
4 - 28% - 13% - 12:36
Normal Defense
1 - 32% - 35% - 14:33
2 - 32% - 30% - 14:42
3 - 30% - 22% - 13:34
4 - 6% - 13% - 2:51
PP Forward
1 - 52% - 60% - 4:23
2 - 48% - 40% - 4:00
PP Defense
1 - 63% - 60% - 5:16
2 - 37% - 40% - 3:07
PK Forward
1 - 85% - 60% - 3:46
2 - 15% - 40% - 0:39
PK Defense
1 - 40% - 60% - 1:45
2 - 60% - 40% - 2:40
PK3 Forward
1 - 0% - 60%
2 - 0% - 40%
PK3 Defense
1 - 0% - 60%
2 - 0% - 40%
44 Forward
1 - 85% - 60% - 5:32
2 - 15% - 40% - 1:00
44 Defense
1 - 64% - 60% - 4:09
2 - 36% - 40% - 2:23
Last Minute Offensive  - 0:00
Last Minute Defensive  - 0:00
Total
Forward - 65:00
Defense - 65:00

% Time on Ice - Blues

Lines # - Real PCT - Wanted PCT - Time Play
Normal Forward
1 - 26% - 33% - 11:39
2 - 27% - 31% - 12:33
3 - 29% - 24% - 13:09
4 - 18% - 12% - 8:19
Normal Defense
1 - 32% - 33% - 14:42
2 - 32% - 31% - 14:26
3 - 28% - 24% - 12:54
4 - 8% - 12% - 3:38
PP Forward
1 - 55% - 50% - 2:25
2 - 45% - 50% - 2:00
PP Defense
1 - 53% - 50% - 2:21
2 - 47% - 50% - 2:04
PK Forward
1 - 53% - 50% - 4:28
2 - 47% - 50% - 3:55
PK Defense
1 - 53% - 50% - 4:25
2 - 47% - 50% - 3:58
PK3 Forward
1 - 0% - 50%
2 - 0% - 50%
PK3 Defense
1 - 0% - 50%
2 - 0% - 50%
44 Forward
1 - 53% - 50% - 3:26
2 - 47% - 50% - 3:06
44 Defense
1 - 53% - 50% - 3:26
2 - 47% - 50% - 3:06
Last Minute Offensive  - 0:00
Last Minute Defensive  - 0:00
Total
Forward - 65:00
Defense - 65:00

Play by Play

1st period


0:01 of 1st period - Sean Couturier wins face-off versus Tyler Seguin in neutral zone.
1:09 of 1st period - Ryan Ellis is hit by Milan Lucic and loses puck.
1:22 of 1st period - Wrist shot by Milan Lucic.
1:22 of 1st period - Shot Blocked by Ryan Ellis.
1:58 of 1st period - Evgeny Kuznetsov is hit by Josh Gorges and loses puck.
2:07 of 1st period - Snap shot by Cam Atkinson.
2:07 of 1st period - Shot Blocked by Seth Jones.
2:59 of 1st period - Snap shot by Brandon Saad.
2:59 of 1st period - Stopped by Sergei Bobrovsky with a rebound.
3:01 of 1st period - Slapshot by Kris Letang.
3:01 of 1st period - Stopped by Sergei Bobrovsky with a rebound.
3:21 of 1st period - Minor Penalty to Adam McQuaid for High sticking.
3:22 of 1st period - Nick Bjugstad wins face-off versus Scott Laughton in Kings zone.
3:39 of 1st period - Slapshot by Duncan Keith.
3:39 of 1st period - Deflect By Kris Letang.
3:39 of 1st period - Stopped by Henrik Lundqvist without a rebound.
3:40 of 1st period - Nick Bjugstad wins face-off versus Tomas Tatar in Blues zone.
4:32 of 1st period - Slapshot by Mika Zibanejad.
4:32 of 1st period - Stopped by Henrik Lundqvist with a rebound.
4:50 of 1st period - Wrist shot by Tomas Tatar.
4:50 of 1st period - Shot Misses the Net.
4:52 of 1st period - Slapshot by Cam Atkinson.
4:52 of 1st period - Shot Misses the Net.
5:08 of 1st period - Wrist shot by Cam Atkinson.
5:08 of 1st period - Deflect By Brandon Saad.
5:08 of 1st period - Stopped by Sergei Bobrovsky without a rebound.
5:09 of 1st period - Sean Couturier wins face-off versus Nick Bjugstad in Kings zone.
5:21 of 1st period - Penalty to Adam McQuaid is over, Adam McQuaid is back on ice.
5:42 of 1st period - Jori Lehtera is hit by Johan Franzen and loses puck.
5:43 of 1st period - Jori Lehtera from Kings is injured at 5:43 of 1st period (Concussion).
5:44 of 1st period - Nick Bjugstad wins face-off versus Scott Laughton in Kings zone.
5:44 of 1st period - Nick Bjugstad is hit by Scott Laughton.
5:57 of 1st period - Wrist shot by Milan Lucic.
5:57 of 1st period - Shot Misses the Net.
5:59 of 1st period - Wrist shot by Duncan Keith.
5:59 of 1st period - Shot Misses the Net.
6:01 of 1st period - Slapshot by Nick Bjugstad.
6:01 of 1st period - Stopped by Henrik Lundqvist without a rebound.
6:02 of 1st period - Scott Laughton wins face-off versus Nick Bjugstad in Blues zone.
6:15 of 1st period - Snap shot by Milan Lucic.
6:15 of 1st period - Deflect By Nick Bjugstad.
6:15 of 1st period - Shot Hit the Post.
6:15 of 1st period - Puck is out of play.
6:16 of 1st period - Sean Couturier wins face-off versus Tyler Seguin in Blues zone.
6:16 of 1st period - Sean Couturier is hit by Tyler Seguin.
6:32 of 1st period - Snap shot by Carl Soderberg.
6:32 of 1st period - Stopped by Henrik Lundqvist with a rebound.
6:48 of 1st period - Snap shot by Brandon Saad.
6:48 of 1st period - Stopped by Sergei Bobrovsky with a rebound.
6:50 of 1st period - Slapshot by Hampus Lindholm.
6:50 of 1st period - Deflect By Rick Nash.
6:50 of 1st period - Shot Misses the Net.
6:50 of 1st period - Puck is out of play.
6:51 of 1st period - Nick Bjugstad wins face-off versus Scott Laughton in Kings zone.
7:16 of 1st period - Wrist shot by Tomas Tatar.
7:16 of 1st period - Stopped by Sergei Bobrovsky without a rebound.
7:17 of 1st period - Nick Bjugstad wins face-off versus Anders Lee in Kings zone.
7:40 of 1st period - Josh Gorges is hit by Nick Bjugstad and loses puck.
8:51 of 1st period - Snap shot by Duncan Keith.
8:51 of 1st period - Stopped by Henrik Lundqvist with a rebound.
8:53 of 1st period - Snap shot by Brandon McMillan.
8:53 of 1st period - Shot Misses the Net.
9:09 of 1st period - Brandon McMillan is hit by Kris Letang.
9:13 of 1st period - Sean Couturier is hit by Brandon McMillan and loses puck.
9:48 of 1st period - Slapshot by Mark Stone.
9:48 of 1st period - Stopped by Sergei Bobrovsky without a rebound.
9:49 of 1st period - Carl Soderberg wins face-off versus Steve Ott in Kings zone.
10:40 of 1st period - Vincent Trocheck is hit by Mark Stone and loses puck.
10:57 of 1st period - Wrist shot by Nick Bjugstad.
10:57 of 1st period - Stopped by Henrik Lundqvist without a rebound.
10:58 of 1st period - Sean Couturier wins face-off versus Nick Bjugstad in Blues zone.
11:03 of 1st period - Evgeny Kuznetsov is hit by Rick Nash and loses puck.
11:49 of 1st period - Slapshot by Cam Atkinson.
11:49 of 1st period - Shot Misses the Net.
11:55 of 1st period - Mark Fayne is hit by Adam McQuaid and loses puck.
12:18 of 1st period - Slapshot by Carl Soderberg.
12:18 of 1st period - Shot Blocked by Anders Lee.
12:28 of 1st period - Wrist shot by Tyler Seguin.
12:28 of 1st period - Shot Blocked by Mark Fayne.
12:30 of 1st period - Slapshot by Seth Jones.
12:30 of 1st period - Stopped by Henrik Lundqvist with a rebound.
12:40 of 1st period - Minor Penalty to Cam Atkinson for Boarding.
12:41 of 1st period - Scott Laughton wins face-off versus Nick Bjugstad in Blues zone.
13:01 of 1st period - Slapshot by Duncan Keith.
13:01 of 1st period - Stopped by Henrik Lundqvist without a rebound.
13:02 of 1st period - Tyler Seguin wins face-off versus Scott Laughton in Blues zone.
13:21 of 1st period - Kris Letang is hit by Braydon Coburn and loses puck.
13:52 of 1st period - Snap shot by Sean Couturier.
13:52 of 1st period - Shot Misses the Net.
14:00 of 1st period - Slapshot by Rick Nash.
14:00 of 1st period - Deflect By Sean Couturier.
14:00 of 1st period - Shot Misses the Net.
14:00 of 1st period - Puck is out of play.
14:01 of 1st period - Scott Laughton wins face-off versus Tyler Seguin in Kings zone.
14:40 of 1st period - Penalty to Cam Atkinson is over, Cam Atkinson is back on ice.
14:51 of 1st period - Backhand shot by Seth Jones.
14:51 of 1st period - Shot Blocked by Hampus Lindholm.
14:53 of 1st period - Snap shot by Jordan Schroeder.
14:53 of 1st period - Shot Blocked by Hampus Lindholm.
14:55 of 1st period - Snap shot by Stefan Elliott.
14:55 of 1st period - Stopped by Henrik Lundqvist with a rebound.
15:51 of 1st period - Wrist shot by Mark Stone.
15:51 of 1st period - Deflect By Steve Ott.
15:51 of 1st period - Shot Blocked by Adam McQuaid.
15:51 of 1st period - Puck is out of play.
15:52 of 1st period - Steve Ott wins face-off versus Carl Soderberg in Kings zone.
16:36 of 1st period - Slapshot by Duncan Keith.
16:36 of 1st period - Shot Misses the Net.
16:38 of 1st period - Slapshot by Duncan Keith.
16:38 of 1st period - Stopped by Henrik Lundqvist without a rebound.
16:39 of 1st period - Anders Lee wins face-off versus Nick Bjugstad in Blues zone.
18:04 of 1st period - Icing by Steve Ott.
18:05 of 1st period - Nick Bjugstad wins face-off versus Steve Ott in Blues zone.
18:48 of 1st period - Jordan Schroeder is hit by Tomas Tatar.
19:40 of 1st period - Wrist shot by Vincent Trocheck.
19:40 of 1st period - Shot Misses the Net.
19:52 of 1st period - Stefan Elliott is hit by Scott Laughton and loses puck.
Goals for this period are 0 for Kings vs 0 for Blues.
Shots for this period are 10 for Kings vs 6 for Blues.

2nd period


0:01 of 2nd period - Milan Lucic wins face-off versus Sean Couturier in neutral zone.
0:22 of 2nd period - Snap shot by Rick Nash.
0:22 of 2nd period - Shot Misses the Net.
0:54 of 2nd period - Scott Laughton is hit by Tyler Seguin and loses puck.
1:41 of 2nd period - Slapshot by Johan Franzen.
1:41 of 2nd period - Shot Misses the Net.
1:43 of 2nd period - Slapshot by Josh Gorges.
1:43 of 2nd period - Shot Blocked by Mika Zibanejad.
1:45 of 2nd period - Slapshot by Ryan Ellis.
1:45 of 2nd period - Shot Misses the Net.
1:47 of 2nd period - Slapshot by Ryan Ellis.
1:47 of 2nd period - Shot Misses the Net.
1:49 of 2nd period - Snap shot by Anders Lee.
1:49 of 2nd period - Deflect By Seth Jones.
1:49 of 2nd period - Shot Misses the Net.
1:49 of 2nd period - Puck is out of play.
1:50 of 2nd period - Steve Ott wins face-off versus Nick Bjugstad in Kings zone.
2:18 of 2nd period - Minor Penalty to Steve Ott for Holding.
2:19 of 2nd period - Scott Laughton wins face-off versus Nick Bjugstad in Blues zone.
2:40 of 2nd period - Icing by Braydon Coburn.
2:41 of 2nd period - Nick Bjugstad wins face-off versus Scott Laughton in Kings zone.
3:00 of 2nd period - Slapshot by Scott Laughton.
3:00 of 2nd period - Shot Misses the Net.
3:17 of 2nd period - Hampus Lindholm is hit by Tyler Seguin and loses puck.
4:07 of 2nd period - Snap shot by Carl Soderberg.
4:07 of 2nd period - Shot Blocked by Hampus Lindholm.
4:09 of 2nd period - Slapshot by Eric Brewer.
4:09 of 2nd period - Stopped by Henrik Lundqvist with a rebound.
4:18 of 2nd period - Penalty to Steve Ott is over, Steve Ott is back on ice.
4:56 of 2nd period - Snap shot by Jordan Schroeder.
4:56 of 2nd period - Stopped by Henrik Lundqvist with a rebound.
4:58 of 2nd period - Snap shot by Adam McQuaid.
4:58 of 2nd period - Stopped by Henrik Lundqvist with a rebound.
5:00 of 2nd period - Snap shot by Jordan Schroeder.
5:00 of 2nd period - Stopped by Henrik Lundqvist with a rebound.
5:02 of 2nd period - Slapshot by Adam McQuaid.
5:02 of 2nd period - Stopped by Henrik Lundqvist without a rebound.
5:03 of 2nd period - Scott Laughton wins face-off versus Brandon McMillan in Blues zone.
6:45 of 2nd period - Slapshot by Seth Jones.
6:45 of 2nd period - Goal by Seth Jones - Kings : 1 - Blues : 0.
6:46 of 2nd period - Tyler Seguin wins face-off versus Anders Lee in neutral zone.
6:49 of 2nd period - Kris Letang is hit by Duncan Keith and loses puck.
7:35 of 2nd period - Mark Stone is hit by Braydon Coburn and loses puck.
7:55 of 2nd period - Wrist shot by Jordan Schroeder.
7:55 of 2nd period - Deflect By Brandon McMillan.
7:55 of 2nd period - Stopped by Henrik Lundqvist with a rebound.
7:57 of 2nd period - Snap shot by Seth Jones.
7:57 of 2nd period - Shot Blocked by Mark Stone.
8:41 of 2nd period - Snap shot by Brandon Saad.
8:41 of 2nd period - Deflect By Sean Couturier.
8:41 of 2nd period - Stopped by Sergei Bobrovsky without a rebound.
8:42 of 2nd period - Nick Bjugstad wins face-off versus Anders Lee in Kings zone.
8:44 of 2nd period - Minor Penalty to Nick Bjugstad for Tripping.
8:45 of 2nd period - David Clarkson wins face-off versus Sean Couturier in Kings zone.
9:03 of 2nd period - Duncan Keith is hit by Hampus Lindholm and loses puck.
10:04 of 2nd period - Slapshot by Kris Letang.
10:04 of 2nd period - Shot Blocked by Eric Brewer.
10:29 of 2nd period - Eric Brewer is hit by Scott Laughton and loses puck.
10:44 of 2nd period - Penalty to Nick Bjugstad is over, Nick Bjugstad is back on ice.
10:52 of 2nd period - Slapshot by Sean Couturier.
10:52 of 2nd period - Stopped by Sergei Bobrovsky with a rebound.
11:55 of 2nd period - Snap shot by Carl Soderberg.
11:55 of 2nd period - Stopped by Henrik Lundqvist with a rebound.
12:15 of 2nd period - Wrist shot by Rick Nash.
12:15 of 2nd period - Shot Misses the Net.
12:17 of 2nd period - Snap shot by Brandon Saad.
12:17 of 2nd period - Stopped by Sergei Bobrovsky with a rebound.
12:19 of 2nd period - Wrist shot by Rick Nash.
12:19 of 2nd period - Shot Blocked by Carl Soderberg.
13:01 of 2nd period - Brandon McMillan is hit by Johan Franzen and loses puck.
13:52 of 2nd period - Mark Stone is hit by Braydon Coburn and loses puck.
14:32 of 2nd period - Slapshot by Kris Letang.
14:32 of 2nd period - Deflect By Adam McQuaid.
14:32 of 2nd period - Stopped by Sergei Bobrovsky without a rebound.
14:33 of 2nd period - Mika Zibanejad wins face-off versus Brandon Saad in Kings zone.
14:55 of 2nd period - Kris Letang is hit by Braydon Coburn and loses puck.
15:00 of 2nd period - Snap shot by Evgeny Kuznetsov.
15:00 of 2nd period - Shot Misses the Net.
15:02 of 2nd period - Minor Penalty to Kris Letang for Hooking.
15:03 of 2nd period - Tyler Seguin wins face-off versus Scott Laughton in Blues zone.
15:14 of 2nd period - Snap shot by Tyler Seguin.
15:14 of 2nd period - Shot Blocked by Hampus Lindholm.
15:16 of 2nd period - Slapshot by Seth Jones.
15:16 of 2nd period - Deflect By Hampus Lindholm.
15:16 of 2nd period - Stopped by Henrik Lundqvist with a rebound.
15:18 of 2nd period - Slapshot by Mika Zibanejad.
15:18 of 2nd period - Shot Blocked by Hampus Lindholm.
15:44 of 2nd period - Josh Gorges is hit by Nick Bjugstad and loses puck.
16:01 of 2nd period - Icing by Carl Soderberg.
16:02 of 2nd period - Scott Laughton wins face-off versus Tyler Seguin in Kings zone.
16:33 of 2nd period - Duncan Keith is hit by Sean Couturier and loses puck.
17:02 of 2nd period - Penalty to Kris Letang is over, Kris Letang is back on ice.
17:28 of 2nd period - Kevan Miller is hit by Mikhail Grigorenko and loses puck.
17:37 of 2nd period - Hampus Lindholm is hit by Braydon Coburn and loses puck.
17:48 of 2nd period - Slapshot by Johan Franzen.
17:48 of 2nd period - Shot Misses the Net.
19:06 of 2nd period - Wrist shot by Mika Zibanejad.
19:06 of 2nd period - Stopped by Henrik Lundqvist without a rebound.
19:07 of 2nd period - Tyler Seguin wins face-off versus Anders Lee in Blues zone.
19:10 of 2nd period - Wrist shot by Mika Zibanejad.
19:10 of 2nd period - Shot Misses the Net.
19:30 of 2nd period - Slapshot by Ryan Ellis.
19:30 of 2nd period - Shot Blocked by Brandon McMillan.
19:32 of 2nd period - Slapshot by Josh Gorges.
19:32 of 2nd period - Deflect By Mark Stone.
19:32 of 2nd period - Shot Misses the Net.
19:32 of 2nd period - Puck is out of play.
19:33 of 2nd period - Jordan Schroeder wins face-off versus Steve Ott in Kings zone.
19:33 of 2nd period - Jordan Schroeder is hit by Kris Letang.
Goals for this period are 1 for Kings vs 0 for Blues.
Shots for this period are 10 for Kings vs 4 for Blues.

3rd period


0:01 of 3rd period - Nick Bjugstad wins face-off versus Sean Couturier in neutral zone.
0:06 of 3rd period - Slapshot by Vincent Trocheck.
0:06 of 3rd period - Stopped by Henrik Lundqvist without a rebound.
0:07 of 3rd period - Sean Couturier wins face-off versus Nick Bjugstad in Blues zone.
0:40 of 3rd period - Duncan Keith is hit by Sean Couturier and loses puck.
1:00 of 3rd period - Scott Laughton is hit by Braydon Coburn and loses puck.
1:53 of 3rd period - Seth Jones is hit by Tomas Tatar and loses puck.
2:27 of 3rd period - Minor Penalty to Kris Letang for Roughing.
2:28 of 3rd period - Sean Couturier wins face-off versus Tyler Seguin in Blues zone.
2:28 of 3rd period - Sean Couturier is hit by Duncan Keith.
3:44 of 3rd period - Rick Nash is hit by Braydon Coburn and loses puck.
4:11 of 3rd period - Brandon Saad is hit by Eric Brewer and loses puck.
4:27 of 3rd period - Penalty to Kris Letang is over, Kris Letang is back on ice.
5:09 of 3rd period - Jordan Schroeder is hit by Anders Lee and loses puck.
7:16 of 3rd period - Wrist shot by Tyler Seguin.
7:16 of 3rd period - Deflect By Carl Soderberg.
7:16 of 3rd period - Shot Misses the Net.
7:16 of 3rd period - Puck is out of play.
7:17 of 3rd period - Sean Couturier wins face-off versus Tyler Seguin in Blues zone.
7:42 of 3rd period - Snap shot by Jeremy Morin.
7:42 of 3rd period - Shot Misses the Net.
7:44 of 3rd period - Slapshot by Josh Gorges.
7:44 of 3rd period - Stopped by Sergei Bobrovsky without a rebound.
7:45 of 3rd period - Steve Ott wins face-off versus Nick Bjugstad in Kings zone.
8:30 of 3rd period - Icing by Jordan Schroeder.
8:31 of 3rd period - Brandon McMillan wins face-off versus Anders Lee in Kings zone.
8:52 of 3rd period - Brandon McMillan is hit by Johan Franzen and loses puck.
9:19 of 3rd period - Snap shot by Nick Bjugstad.
9:19 of 3rd period - Deflect By Rick Nash.
9:19 of 3rd period - Shot Blocked by Mark Fayne.
9:19 of 3rd period - Puck is out of play.
9:20 of 3rd period - Nick Bjugstad wins face-off versus Sean Couturier in Blues zone.
9:27 of 3rd period - Minor Penalty to Rick Nash for Hooking.
9:28 of 3rd period - Tyler Seguin wins face-off versus Scott Laughton in Blues zone.
9:31 of 3rd period - Wrist shot by Mika Zibanejad.
9:31 of 3rd period - Shot Blocked by Mark Fayne.
9:49 of 3rd period - Slapshot by Kris Letang.
9:49 of 3rd period - Shot Misses the Net.
9:51 of 3rd period - Wrist shot by Scott Laughton.
9:51 of 3rd period - Stopped by Sergei Bobrovsky without a rebound.
9:52 of 3rd period - Tyler Seguin wins face-off versus Scott Laughton in Kings zone.
9:54 of 3rd period - Minor Penalty to Tyler Seguin for Hooking.
9:55 of 3rd period - Sean Couturier wins face-off versus Evgeny Kuznetsov in Kings zone.
10:13 of 3rd period - Slapshot by Kris Letang.
10:13 of 3rd period - Shot Misses the Net.
10:15 of 3rd period - Slapshot by Kris Letang.
10:15 of 3rd period - Deflect By Duncan Keith.
10:15 of 3rd period - Stopped by Sergei Bobrovsky without a rebound.
10:16 of 3rd period - Scott Laughton wins face-off versus Evgeny Kuznetsov in Kings zone.
10:29 of 3rd period - Slapshot by Hampus Lindholm.
10:29 of 3rd period - Deflect By Brandon Saad.
10:29 of 3rd period - Shot Misses the Net.
10:29 of 3rd period - Puck is out of play.
10:30 of 3rd period - Evgeny Kuznetsov wins face-off versus Scott Laughton in Kings zone.
10:52 of 3rd period - Slapshot by Hampus Lindholm.
10:52 of 3rd period - Stopped by Sergei Bobrovsky without a rebound.
10:53 of 3rd period - Sean Couturier wins face-off versus Evgeny Kuznetsov in Kings zone.
11:00 of 3rd period - Wrist shot by Kris Letang.
11:00 of 3rd period - Shot Misses the Net.
11:27 of 3rd period - Penalty to Rick Nash is over, Rick Nash is back on ice.
11:54 of 3rd period - Penalty to Tyler Seguin is over, Tyler Seguin is back on ice.
12:30 of 3rd period - Slapshot by Johan Franzen.
12:30 of 3rd period - Shot Misses the Net.
12:32 of 3rd period - Snap shot by Johan Franzen.
12:32 of 3rd period - Shot Blocked by Braydon Coburn.
12:34 of 3rd period - Wrist shot by Johan Franzen.
12:34 of 3rd period - Shot Blocked by Braydon Coburn.
12:36 of 3rd period - Slapshot by Ryan Ellis.
12:36 of 3rd period - Goal by Ryan Ellis - Kings : 1 - Blues : 1.
12:37 of 3rd period - Sean Couturier wins face-off versus Tyler Seguin in neutral zone.
12:42 of 3rd period - Backhand shot by Brandon Saad.
12:42 of 3rd period - Deflect By Rick Nash.
12:42 of 3rd period - Stopped by Sergei Bobrovsky without a rebound.
12:43 of 3rd period - Tyler Seguin wins face-off versus Sean Couturier in Kings zone.
13:21 of 3rd period - Icing by Josh Gorges.
13:22 of 3rd period - Anders Lee wins face-off versus Brandon McMillan in Blues zone.
13:39 of 3rd period - Backhand shot by Mikhail Grigorenko.
13:39 of 3rd period - Stopped by Henrik Lundqvist without a rebound.
13:40 of 3rd period - Scott Laughton wins face-off versus Nick Bjugstad in Blues zone.
13:49 of 3rd period - Slapshot by Duncan Keith.
13:49 of 3rd period - Stopped by Henrik Lundqvist with a rebound.
14:03 of 3rd period - Wrist shot by Nick Bjugstad.
14:03 of 3rd period - Shot Misses the Net.
14:36 of 3rd period - Wrist shot by Mikhail Grigorenko.
14:36 of 3rd period - Shot Misses the Net.
14:38 of 3rd period - Slapshot by Eric Brewer.
14:38 of 3rd period - Stopped by Henrik Lundqvist with a rebound.
14:40 of 3rd period - Snap shot by Seth Jones.
14:40 of 3rd period - Stopped by Henrik Lundqvist with a rebound.
14:42 of 3rd period - Snap shot by Brandon McMillan.
14:42 of 3rd period - Shot Misses the Net.
14:44 of 3rd period - Slapshot by Seth Jones.
14:44 of 3rd period - Stopped by Henrik Lundqvist without a rebound.
14:45 of 3rd period - Sean Couturier wins face-off versus Tyler Seguin in Blues zone.
14:58 of 3rd period - Rick Nash is hit by Mika Zibanejad and loses puck.
15:11 of 3rd period - Snap shot by Mika Zibanejad.
15:11 of 3rd period - Shot Blocked by Sean Couturier.
15:13 of 3rd period - Slapshot by Eric Brewer.
15:13 of 3rd period - Shot Misses the Net.
15:15 of 3rd period - Slapshot by Eric Brewer.
15:15 of 3rd period - Stopped by Henrik Lundqvist without a rebound.
15:16 of 3rd period - Nick Bjugstad wins face-off versus Anders Lee in Blues zone.
16:06 of 3rd period - Mark Fayne is hit by Braydon Coburn and loses puck.
16:46 of 3rd period - Backhand shot by Steve Ott.
16:46 of 3rd period - Shot Misses the Net.
16:48 of 3rd period - Slapshot by Josh Gorges.
16:48 of 3rd period - Shot Blocked by Eric Brewer.
16:50 of 3rd period - Slapshot by Josh Gorges.
16:50 of 3rd period - Stopped by Sergei Bobrovsky with a rebound.
16:52 of 3rd period - Snap shot by Mark Stone.
16:52 of 3rd period - Stopped by Sergei Bobrovsky with a rebound.
16:54 of 3rd period - Slapshot by Josh Gorges.
16:54 of 3rd period - Stopped by Sergei Bobrovsky with a rebound.
16:56 of 3rd period - Slapshot by Ryan Ellis.
16:56 of 3rd period - Stopped by Sergei Bobrovsky with a rebound.
16:58 of 3rd period - Wrist shot by Steve Ott.
16:58 of 3rd period - Deflect By Mark Stone.
16:58 of 3rd period - Stopped by Sergei Bobrovsky with a rebound.
17:34 of 3rd period - Hampus Lindholm is hit by David Clarkson and loses puck.
17:49 of 3rd period - Snap shot by Vincent Trocheck.
17:49 of 3rd period - Shot Misses the Net.
19:00 of 3rd period - Slapshot by Carl Soderberg.
19:00 of 3rd period - Stopped by Henrik Lundqvist with a rebound.
19:02 of 3rd period - Slapshot by Duncan Keith.
19:02 of 3rd period - Stopped by Henrik Lundqvist with a rebound.
19:04 of 3rd period - Snap shot by Mika Zibanejad.
19:04 of 3rd period - Stopped by Henrik Lundqvist with a rebound.
19:06 of 3rd period - Slapshot by Duncan Keith.
19:06 of 3rd period - Stopped by Henrik Lundqvist without a rebound.
19:07 of 3rd period - Sean Couturier wins face-off versus Tyler Seguin in Blues zone.
19:22 of 3rd period - Sean Couturier is hit by Duncan Keith and loses puck.
19:49 of 3rd period - Eric Brewer is hit by Jeremy Morin and loses puck.
Goals for this period are 0 for Kings vs 1 for Blues.
Shots for this period are 11 for Kings vs 11 for Blues.

Overtime #1


0:01 of 1st overtime period - Scott Laughton wins face-off versus Tyler Seguin in neutral zone.
0:20 of 1st overtime period - Slapshot by Hampus Lindholm.
0:20 of 1st overtime period - Stopped by Sergei Bobrovsky without a rebound.
0:21 of 1st overtime period - Tyler Seguin wins face-off versus Sean Couturier in Kings zone.
0:34 of 1st overtime period - Wrist shot by Sean Couturier.
0:34 of 1st overtime period - Shot Misses the Net.
0:36 of 1st overtime period - Snap shot by Sean Couturier.
0:36 of 1st overtime period - Shot Misses the Net.
0:38 of 1st overtime period - Wrist shot by Kris Letang.
0:38 of 1st overtime period - Stopped by Sergei Bobrovsky with a rebound.
0:40 of 1st overtime period - Wrist shot by Mark Stone.
0:40 of 1st overtime period - Shot Misses the Net.
0:42 of 1st overtime period - Slapshot by Kris Letang.
0:42 of 1st overtime period - Shot Blocked by Nick Bjugstad.
1:00 of 1st overtime period - Icing by Mark Fayne.
1:01 of 1st overtime period - Tyler Seguin wins face-off versus Sean Couturier in Blues zone.
1:50 of 1st overtime period - Wrist shot by Brandon Saad.
1:50 of 1st overtime period - Stopped by Sergei Bobrovsky without a rebound.
1:51 of 1st overtime period - Evgeny Kuznetsov wins face-off versus Scott Laughton in Kings zone.
1:58 of 1st overtime period - Slapshot by Duncan Keith.
1:58 of 1st overtime period - Shot Misses the Net.
2:36 of 1st overtime period - Duncan Keith is hit by Josh Gorges and loses puck.
2:43 of 1st overtime period - Snap shot by Braydon Coburn.
2:43 of 1st overtime period - Stopped by Henrik Lundqvist without a rebound.
2:44 of 1st overtime period - Tyler Seguin wins face-off versus Scott Laughton in Blues zone.
3:01 of 1st overtime period - Snap shot by Brandon Saad.
3:01 of 1st overtime period - Stopped by Sergei Bobrovsky without a rebound.
3:02 of 1st overtime period - Scott Laughton wins face-off versus Tyler Seguin in Kings zone.
3:41 of 1st overtime period - Wrist shot by Brandon Saad.
3:41 of 1st overtime period - Shot Misses the Net.
4:20 of 1st overtime period - Sean Couturier is hit by Milan Lucic and loses puck.
4:39 of 1st overtime period - Slapshot by Seth Jones.
4:39 of 1st overtime period - Shot Misses the Net.
Goals for this period are 0 for Kings vs 0 for Blues.
Shots for this period are 1 for Kings vs 4 for Blues.

ShootOut


5:00 of 1st overtime period - Penalty Shot by Tyler Seguin for Kings.
5:00 of 1st overtime period - Snap shot by Tyler Seguin.
5:00 of 1st overtime period - Stopped by Henrik Lundqvist.
5:00 of 1st overtime period - Penalty Shot by Rick Nash for Blues.
5:00 of 1st overtime period - Backhand shot by Rick Nash.
5:00 of 1st overtime period - Shot Misses the Net.
5:00 of 1st overtime period - Penalty Shot by Nick Bjugstad for Kings.
5:00 of 1st overtime period - Snap shot by Nick Bjugstad.
5:00 of 1st overtime period - Stopped by Henrik Lundqvist.
5:00 of 1st overtime period - Penalty Shot by Jeremy Morin for Blues.
5:00 of 1st overtime period - Snap shot by Jeremy Morin.
5:00 of 1st overtime period - Stopped by Sergei Bobrovsky.
5:00 of 1st overtime period - Penalty Shot by Mika Zibanejad for Kings.
5:00 of 1st overtime period - Snap shot by Mika Zibanejad.
5:00 of 1st overtime period - Stopped by Henrik Lundqvist.
5:00 of 1st overtime period - Penalty Shot by Cam Atkinson for Blues.
5:00 of 1st overtime period - Deke by Cam Atkinson.
5:00 of 1st overtime period - Stopped by Sergei Bobrovsky.
5:00 of 1st overtime period - Penalty Shot by Milan Lucic for Kings.
5:00 of 1st overtime period - Deke by Milan Lucic.
5:00 of 1st overtime period - Goal by Milan Lucic.
5:00 of 1st overtime period - Penalty Shot by Brandon Saad for Blues.
5:00 of 1st overtime period - Deke by Brandon Saad.
5:00 of 1st overtime period - Stopped by Sergei Bobrovsky.